 Dungeon Crawl Stone Soup version 0.17-a0-1719-g1afd5a1 (webtiles) character file.

765 Krapule the Covered (level 8, 0/66 HPs)
             Began as a Formicid Fighter on Aug 28, 2015.
             Slain by an orc priest
             ... wielding a +0 war axe
              (5 damage)
             ... on level 5 of the Dungeon.
             The game lasted 00:23:10 (4665 turns).

Krapule the Covered (Formicid Fighter)              Turns: 4665, Time: 00:23:10

Health: 0/66       AC: 19    Str: 21    XL:     8   Next: 8%
Magic:  8/8        EV:  5    Int: 12    God:
Gold:   195        SH: 14    Dex: 10    Spells: 0 memorised, 7 levels left

rFire  . . .     SeeInvis +     t - +0 flail (protect)
rCold  . . .     Clarity  .     s - +0 plate armour
rNeg   . . .     SustAt   .     r - +0 large shield
rPois  .         Gourm    .     (helmet unavailable)
rElec  .         Spirit   .     l - +0 cloak
rCorr  .         Warding  .     (no gloves)
rMut   .         Stasis   +     (no boots)
MR     .....                    (no amulet)
Stlth  ..........               (no ring)
                                (no ring)

@: not resistant to hostile enchantments, extremely unstealthy
A: permanent stasis, dig shafts and tunnels, four strong arms, antennae 3,
repulsion field 1, clever 1, robust 1
a: Dig, Shaft Self


You were on level 5 of the Dungeon.
You were not hungry.

You visited 2 branches of the dungeon, and saw 6 of its levels.
You also visited: Ossuary.

You collected 258 gold pieces.
You spent 63 gold pieces at shops.

Inventory:

Hand weapons
 a - a +1 flail
 t - a +0 flail of protection (weapon)
Armour
 b - a +0 scale mail
 l - a +0 cloak (worn)
 r - a +0 large shield (worn)
 s - a +0 plate armour (worn)
Magical devices
 w - a wand of paralysis (13)
Scrolls
 h - 7 scrolls of identify
 j - 2 scrolls of amnesia
 k - 4 scrolls of remove curse
 o - a scroll of enchant weapon
 x - 2 scrolls of recharging {unknown}
 y - a scroll of enchant armour {unknown}
Potions
 c - a potion of cure mutation {unknown}
 d - 3 potions of might
 f - 2 potions of curing
 u - 2 potions of berserk rage
 v - a potion of mutation
 z - a potion of brilliance {unknown}
Comestibles
 e - 5 bread rations
 g - a slice of pizza
 i - 4 meat rations
 n - 2 beef jerkies
 p - 6 fruits


   Skills:
 - Level 4.0 Fighting
 + Level 5.7 Maces & Flails
 + Level 6.8 Armour
 + Level 4.8 Shields


You had 7 spell levels left.
You didn't know any spells.

Dungeon Overview and Level Annotations

Branches:
Dungeon (5/15)             Temple (1/1) D:5

Altars:
Ashenzari
Cheibriados
Dithmenos
Fedhas
Gozag
Kikubaaqudgha
Makhleb
Ru
Sif Muna
Trog
Vehumet
Xom
Yredelemnul
The Shining One

Shops:
D:4 }[

Annotations:
D:4 Eustachio


Innate Abilities, Weirdness & Mutations

You are under a permanent stasis effect.
You can dig through walls and to a lower floor.
Your four strong arms can wield two-handed weapons with a shield.
You have a pair of large antennae on your head (SInv).
You are surrounded by a mild repulsion field (EV +2).
Your mind is acute. (Int +2)
You are robust (+10% HP).


Message History

You struggle to resist.
The orc priest hits you but does no damage.
You block the orc's attack.
You hit the orc priest.
You kill the orc priest!
The orc hits you but does no damage. You block the orc priest's attack.
You hit the orc priest.
The orc priest is severely wounded.
The orc hits you but does no damage. The orc priest hits you with a war axe.
* * * LOW HITPOINT WARNING * * *
You hit the orc priest but do no damage.
The orc priest is severely wounded.
You block the orc's attack.
The orc priest calls down the wrath of Beogh upon you.
Pain shoots through your body!
* * * LOW HITPOINT WARNING * * *
You hit the orc priest.
The orc priest is almost dead.
The orc hits you but does no damage. The orc priest hits you with a war axe.
You die...

........##..# ##>..###.....
........+...# .......#.....
....oo..#...+ .......#.....
........#...# .......#.....
....o...#...# .......#.....
........#...# .......#.....
........#...# .............
........#o######+###.......
###+###.)†@..........######
#..o...........# #
+..............# #
#..............#
#..............#
..############### ... ...


You could see an orc priest and an orc.

Vanquished Creatures
  Edmund (D:4)
  An elf zombie (Ossuary)
  The ghost of cmdexe the Skirmisher, a weakling DsFi of Yredelemnul (D:3)
  A crimson imp (D:5)
  2 giant frog zombies
  An orc priest (D:5)
  2 orc wizards
  An iguana (D:4)
  2 worker ants (D:5)
  2 big kobold zombies (Ossuary)
  A hound skeleton (D:4)
  4 mummies (Ossuary)
  6 adders
  An adder zombie (Ossuary)
  An ooze (D:2)
  2 adder skeletons (D:4)
  5 worms
  6 giant geckos
  9 orcs
  4 bats
  A gnoll zombie (Ossuary)
  11 hobgoblins
  10 jackals
  A quokka (D:5)
  2 ball pythons (D:2)
  2 giant cockroaches
  4 giant newts
  7 goblins
  2 hobgoblin zombies (Ossuary)
  10 kobolds
  A kobold zombie (Ossuary)
  3 orc zombies (Ossuary)
  3 rats
  A rat zombie (Ossuary)
111 creatures vanquished.

Notes
Turn   | Place    | Note
--------------------------------------------------------------
     0 | D:1      | Krapule the Formicid Fighter began the quest for the Orb.
     0 | D:1      | Reached XP level 1. HP: 18/18 MP: 1/1
   125 | D:1      | Reached XP level 2. HP: 24/24 MP: 2/2
   302 | D:1      | Reached skill level 4 in Shields
   521 | D:1      | Reached XP level 3. HP: 27/29 MP: 3/3
   665 | D:2      | Found a blossoming altar of Fedhas.
   872 | D:2      | Reached XP level 4. HP: 23/37 MP: 4/4
  1326 | D:2      | Found a shimmering altar of Xom.
  1326 | D:2      | Found a shimmering altar of Xom.
  1327 | D:2      | Found a shimmering altar of Xom.
  1327 | D:2      | Found a shimmering altar of Xom.
  1327 | D:2      | Found a shimmering altar of Xom.
  1444 | D:3      | Noticed cmdexe's ghost (weakling DsFi)
  1695 | D:3      | Reached XP level 5. HP: 42/42 MP: 5/5
  2032 | D:4      | Noticed Edmund
  2198 | D:4      | Found a sand-covered staircase.
  2210 | Ossuary  | Entered an ossuary
  2275 | Ossuary  | Reached XP level 6. HP: 11/48 MP: 6/6
  2290 | Ossuary  | Reached skill level 5 in Armour
  2826 | D:4      | Found Uddiofoc's Armour Boutique.
  2898 | D:3      | Reached XP level 7. HP: 36/54 MP: 7/7
  3150 | D:3      | Killed cmdexe's ghost
  3532 | D:4      | Bought a +0 large shield for 63 gold pieces
  3638 | D:4      | Gained mutation: Your mind is acute. (Int +2) [potion of mutation]
  3638 | D:4      | Gained mutation: You are robust (+10% HP). [potion of mutation]
  3638 | D:4      | Gained mutation: You are surrounded by a mild repulsion field (EV +2). [potion of mutation]
  3658 | D:4      | Killed Edmund
  3658 | D:4      | Reached skill level 5 in Maces & Flails
  3658 | D:4      | Reached skill level 6 in Armour
  3684 | D:4      | Noticed a phantom
  3687 | D:4      | Noticed Eustachio
  3828 | D:4      | Found Belu's Gadget Shoppe.
  4161 | D:5      | Entered Level 5 of the Dungeon
  4181 | D:5      | Found a staircase to the Ecumenical Temple.
  4187 | Temple   | Entered the Ecumenical Temple
  4581 | D:5      | Reached XP level 8. HP: 58/66 MP: 8/8
  4665 | D:5      | Slain by an orc priest

Vault maps used:
D:1:      tarquinn_simple_flora_water_b
D:2:      overflow_temple_1_default, xom_redecorated
D:4:      serial_shops, nicolae_shop_crystal, shop, first_bread,
          enter_ossuary_1, uniq_edmund, uniq_eustachio
D:5:      lemuel_crystal_altar, lemuel_coloured_pillars_altar,
          portal_sewer_entry_b
Temple:   oiseaux_autumnal_temple_12
Ossuary:  ossuary_minmay_tomb_2a

Action                   |  1- 3 |  4- 6 |  7- 9 || total
-------------------------+-------+-------+-------++-------
Melee: Flail             |    88 |   281 |   205 ||   574
  Use: Scroll            |     2 |     2 |     4 ||     8
       Potion            |       |       |     4 ||     4
  Eat: Chunk             |       |     6 |     7 ||    13
